 Dungeon Crawl Stone Soup version 0.31.0-11-ge490571c62 (webtiles) character file.

Game seed: 15950895257831693367

105 qw the Ducker (level 4, -3/22 HPs)
             Began as a Spriggan Hunter on Feb 4, 2024.
             Killed from afar by Ijyb (15 damage)
             ... with a bolt of light
             ... on level 3 of the Dungeon.
             The game lasted 00:00:07 (1374 turns).

qw the Ducker (Spriggan Hunter)                     Turns: 1374, Time: 00:00:07

Health: -3/22      AC:  2    Str:  7    XL:     4   Next: 54%
Magic:  5/5        EV: 20    Int: 10    God:
Gold:   144        SH:  0    Dex: 20    Spells: 3/3 levels left

rFire   . . .        a - +0 shortbow
rCold   . . .        (shield currently unavailable)
rNeg    . . .        c - +0 robe
rPois   .            (helmet restricted)
rElec   .            (no cloak)
rCorr   .            (gloves unavailable)
SInv    +            (boots unavailable)
Will    .....        (no amulet)
Stlth   +            (no ring)
HPRegen 0.23/turn    (no ring)
MPRegen 0.09/turn

%: no passive effects
@: confused, very quick
A: very small, no large weapons, unfitting armour, see invisible, speed 3
a: no special abilities


You were on level 3 of the Dungeon.
You visited 1 branch of the dungeon, and saw 3 of its levels.

You collected 144 gold pieces.


Innate Abilities, Weirdness & Mutations

You are very small and have problems with some larger weapons.
You are too small for most types of armour.
You have supernaturally acute eyesight. (SInv)
You cover ground extremely quickly. (Speed+++)


   Skills:
 + Level 1.6 Fighting
 - Level 5.0 Ranged Weapons
 - Level 5.1 Dodging
 - Level 1.5 Stealth


You had 3 spell levels left.
You didn't know any spells.
Your spell library was empty.

Inventory:

Hand Weapons
 a - a +0 shortbow (weapon)
Armour
 c - a +0 robe (worn)
Jewellery
 g - a +4 ring of protection
Scrolls
 f - a scroll of brand weapon {unknown}
 h - a scroll of teleportation
 i - 2 scrolls of identify
Potions
 b - 3 potions of curing
 d - a potion of heal wounds
 e - a potion of might

Dungeon Overview and Level Annotations

Branches:
Dungeon (3/15)

Altars:
Hepliaklqana

Annotations:
D:3 Ijyb


Message History

You shoot an arrow. The arrow closely misses Ijyb.
You shoot an arrow. The arrow closely misses Ijyb.
You shoot an arrow. The arrow closely misses Ijyb.
Ijyb barely misses you.
You shoot an arrow. The arrow hits Ijyb.
Ijyb is lightly wounded.
Ijyb barely misses you.
You shoot an arrow. The arrow barely misses Ijyb.
Ijyb closely misses you.
You shoot an arrow. The arrow hits Ijyb.
Ijyb is moderately wounded.
Ijyb hits you with a +0 dagger. x2
You shoot an arrow. The arrow hits Ijyb.
Ijyb is heavily wounded.
Ijyb zaps a wand.
The bolt of light misses you.
You shoot an arrow. The arrow barely misses Ijyb.
Ijyb hits you with a +0 dagger.
You shoot an arrow. The arrow barely misses Ijyb.
Ijyb hits you with a +0 dagger.
You shoot an arrow. The arrow hits Ijyb but does no damage.
Ijyb is heavily wounded.
Ijyb barely misses you.
You shoot an arrow. The arrow misses Ijyb.
Ijyb barely misses you.
You shoot an arrow. The arrow closely misses Ijyb.
Ijyb barely misses you. Ijyb hits you with a +0 dagger.
You shoot an arrow. The arrow barely misses Ijyb.
Ijyb completely misses you.
You shoot an arrow. The arrow hits Ijyb but does no damage.
Ijyb is heavily wounded.
Ijyb misses you.
You shoot an arrow. The arrow hits Ijyb.
Ijyb is heavily wounded.
Ijyb misses you.
You shoot an arrow. The arrow hits Ijyb but does no damage.
Ijyb is heavily wounded.
Ijyb zaps a wand.
The bolt of light hits you!
You are confused.
Ouch! That really hurt!
You die...

......##...#).....).
..................#
....##..##.......#
...##............#
...#..###........#
.#...## ###..#####
....## ##.## ..#...
#..####### ..###.#
#....@.(.# ... ..#
##.###g..# ###. .#
#.# ...# # .. #.#
..(# # #. ... ...#
#####. ... ...#
...... ....# ..>#
###### ....# ...# #


You could see Ijyb.

Vanquished Creatures
  A bombardier beetle (D:3)
  2 dart slugs (D:1)
  5 bats
  4 endoplasms
  2 giant cockroaches
  5 goblins
  10 hobgoblins
  3 jackals
  2 quokkas
  9 ball pythons
  A frilled lizard (D:1)
  10 kobolds
  4 rats
58 creatures vanquished.

Notes
Turn   | Place    | Note
-------+----------+-------------------------------------------
     0 | D:1      | qw the Spriggan Hunter began the quest for the Orb.
     0 | D:1      | Reached XP level 1. HP: 10/10 MP: 2/2
     0 | D:1      | 0 ||| qw: Version: 0.3-a-160-g6735b56
     0 | D:1      | 0 ||| qw: Game counter: 5018
     0 | D:1      | 0 ||| qw: Melee chars always use a shield: true
     0 | D:1      | 0 ||| qw: God list: Okawaru
     0 | D:1      | 0 ||| qw: Allow faded altars: false
     0 | D:1      | 0 ||| qw: Do Orc after clearing Dungeon:15 true
     0 | D:1      | 0 ||| qw: Do second Lair branch before Depths: true
     0 | D:1      | 0 ||| qw: Lair rune preference: random
     0 | D:1      | 0 ||| qw: Goals: Normal
     0 | D:1      | 0 ||| PLANNING D:1-11
    29 | D:1      | Reached skill level 3 in Dodging
    67 | D:1      | Reached XP level 2. HP: 12/14 MP: 3/3
   355 | D:1      | Reached XP level 3. HP: 18/18 MP: 4/4
   574 | D:1      | 574 ||| READING scroll labelled YPTOHUDOWK.
   575 | D:1      | 575 ||| READING scroll labelled GUCECV WICWU.
   575 | D:1      | 575 ||| ENCHANTING +0 shortbow.
   576 | D:1      | 576 ||| READING scroll labelled WUTU XISHYI.
   580 | D:1      | 580 ||| READING scroll labelled MYFFUS JUTZ.
   580 | D:1      | 580 ||| IDENTIFYING lumpy green potion
   581 | D:1      | 581 ||| DROPPING scroll of butterflies.
  1109 | D:2      | 1109 ||| READING scroll of identify.
  1109 | D:2      | 1109 ||| IDENTIFYING dark potion
  1110 | D:2      | 1110 ||| READING scroll labelled OZAIHY XILO.
  1111 | D:2      | 1111 ||| DRINKING 2 murky coppery potions.
  1119 | D:3      | 1119 ||| STAIRDANCE
  1125 | D:3      | 1125 ||| STAIRDANCE
  1255 | D:3      | Found a hazy altar of Hepliaklqana.
  1282 | D:3      | Reached XP level 4. HP: 22/22 MP: 5/5
  1357 | D:3      | Noticed Ijyb
  1374 | D:3      | Killed from afar by Ijyb

Levels and vault maps discovered:
D:1:      roadster_arrival_rocket_small, layout_rooms,
          nicolae_figureground_sparkle
D:2:      layout_rooms
D:3:      layout_rooms, nicolae_hepliaklqana_hazy_memory, uniq_ijyb

Skill      XL: |  1  2  3  4 |
---------------+-------------+-----
Dodging        | 3 4 5 |  5.1
Ranged Weapons | 5 |  5.0
Fighting       | |  1.6
Stealth        | |  1.5

Action                     |  1- 3 |  4- 6 || total
---------------------------+-------+-------++-------
   Fire: Shortbow          |   131 |    28 ||   159
    Use: Scroll            |     6 |       ||     6
         Potion            |     1 |       ||     1
 Armour: Robe              |    10 |     6 ||    16
  Dodge: Dodged            |    46 |    10 ||    56

Table legend:
 A = Non-vault XP
 B = Vault XP
 C = Vault XP percentage of total XP
 D = Non-vault monster count
 E = Vault monster count
 F = Vault count percentage of total count
                 A         B        C        D         E       F
            +---------+---------+-------+---------+---------+-------
      Total |     151 |       0 |   0.0 |      58 |       0 |   0.0
            +---------+---------+-------+---------+---------+-------
        D:1 |      45 |       0 |   0.0 |      25 |       0 |   0.0
        D:2 |      36 |       0 |   0.0 |      20 |       0 |   0.0
        D:3 |      70 |       0 |   0.0 |      13 |       0 |   0.0
            +---------+---------+-------+---------+---------+-------
